 Dungeon Crawl Stone Soup version 0.20-a0-1121-gbb42413 (webtiles) character file.

541 4thArraOfDagon the Digger (level 7, -5/55 HPs)
             Began as a Formicid Earth Elementalist on May 10, 2017.
             Was an Initiate of the Shining One.
             Slain by a two-headed ogre
             ... wielding a +0 giant club
              (13 damage)
             ... on level 9 of the Dungeon.
             The game lasted 00:05:37 (1549 turns).

4thArraOfDagon the Digger (FoEE)                    Turns: 1549, Time: 00:05:38

Health: -5/55      AC:  5    Str: 13    XL:     7   Next: 51%
Magic:  10/10      EV: 11    Int: 16    God:    the Shining One [......]
Gold:   84         SH:  0    Dex: 11    Spells: 9/10 levels left

rFire    . . .     SeeInvis +   g - -2 halberd (curse)
rCold    . . .     Gourm    .   (no shield)
rNeg     . . .     Faith    .   h - +0 ring mail
rPois    .         Spirit   .   (helmet unavailable)
rElec    .         Reflect  .   (no cloak)
rCorr    .         Harm     .   (no gloves)
MR       .....                  (no boots)
Stlth    ..........             (no amulet)
Regen    0.2/turn               (no ring)
MPRegen  0.2/turn               (no ring)

@: confused, very slightly contaminated, glowing
A: permanent stasis, dig shafts and tunnels, four strong arms, antennae 3
a: Dig, Shaft Self, Renounce Religion


You were on level 9 of the Dungeon.
You worshipped the Shining One.
The Shining One was noncommittal.
You were hungry.

You visited 1 branch of the dungeon, and saw 7 of its levels.

You collected 84 gold pieces.

Inventory:

Hand Weapons
 g - a cursed -2 halberd (weapon)
Missiles
 b - 25 stones (quivered)
Armour
 c - a +0 robe
 h - a +0 ring mail (worn)
Scrolls
 a - a scroll of noise {unknown}
 f - a scroll of magic mapping {unknown}
 i - a scroll of enchant armour {unknown}
 m - a scroll of identify {unknown}
 n - a scroll of remove curse {unknown}
Potions
 j - 3 potions of might
 l - 2 potions of heal wounds {unknown}
Books
 e - a book of Geomancy

   Spells                             Type                      Level
   a - Sandblast                      Earth                        1
   b - Passwall                       Transmutation/Earth          2
   c - Stone Arrow                    Conjuration/Earth            3
   d - Petrify                        Transmutation/Earth          4
   e - Lee's Rapid Deconstruction     Earth                        5
Comestibles
 d - 2 bread rations
 p - 3 chunks of flesh


   Skills:
 + Level 4.9 Fighting
 + Level 3.7 Armour
 - Level 1.7 Dodging
 - Level 2.4 Stealth
 - Level 2.1 Spellcasting
   Level 1.1 Transmutations
 - Level 6.6 Earth Magic


You had 9 spell levels left.
You knew the following spells:

 Your Spells              Type           Power        Failure   Level  Hunger
a - Sandblast             Erth           ###...       2%          1    #......


Dungeon Overview and Level Annotations

Branches:
Dungeon (9/15)
 Temple: D:4-7         Lair: D:8-11         Orc: D:9-12

Altars:
The Shining One

Annotations:
D:4 Eustachio
D:5 Grinder
D:9 2 runed doors


Innate Abilities, Weirdness & Mutations

You cannot be hasted, slowed, berserked, paralysed or teleported.
You can dig through walls and to a lower floor.
Your four strong arms can wield two-handed weapons with a shield.
You have a pair of large antennae on your head. (SInv)


Message History

The two-headed ogre is moderately wounded.
b - 25 stones You are feeling hungry.
The two-headed ogre hits you with a giant club!!
The two-headed ogre hits you with a giant spiked club!!
* * * LOW HITPOINT WARNING * * *
As you read the scroll labeled TOCETI OLO ANUNA, it crumbles to dust.
You feel a strange sense of stasis.
It was a scroll of teleportation.
Okay, then.
Unknown command.
It was a potion of ambrosia.
You are confused.
You feel invigorated. The two-headed ogre misses you.
The two-headed ogre hits you with a giant spiked club.
* * * LOW HITPOINT WARNING * * *
Unknown command.
You puncture the two-headed ogre!
The two-headed ogre is heavily wounded.
The two-headed ogre hits you with a giant club!
You die...

.......#.....#.......
.......#.....#.....
.....###.....#..######
#...............#
#...............# . .
#...............# .. ..
#...............# ... ...
#...............# .... ....
#..........@....# .....
.....############O...#....##
............................
.....(......................
............................
............................
............................
.......#########.......##...
....... .............


You could see a two-headed ogre.

Vanquished Creatures
  2 ogres
  Blork the orc (D:5)
  A bullfrog (D:9)
  A wyvern skeleton (D:4)
  A hound (D:8)
  An orc wizard (D:8)
  2 worker ants (D:8)
  2 hound skeletons
  A worker ant zombie (D:8)
  A gnoll (D:2)
  An adder (D:3)
  An adder skeleton (D:4)
  5 orcs
  A kobold (D:2)
  A quokka (D:8)
  A frilled lizard (D:4)
  2 leopard gecko skeletons
25 creatures vanquished.

Notes
Turn   | Place    | Note
-------+----------+-------------------------------------------
     0 | D:1      | 4thArraOfDagon the Formicid Earth Elementalist began the quest for the Orb.
     0 | D:1      | Reached XP level 1. HP: 13/13 MP: 3/3
     5 | D:1      | You fall through a shaft!
    62 | D:2      | Reached skill level 4 in Earth Magic
    62 | D:2      | Reached XP level 2. HP: 6/19 MP: 0/5
    67 | D:2      | You fall through a shaft!
   411 | D:4      | Noticed Eustachio
   425 | D:4      | Noticed a quasit
   458 | D:3      | Reached XP level 3. HP: 24/24 MP: 3/6
   489 | D:4      | Noticed an ogre
   499 | D:4      | Killed an ogre
   499 | D:4      | Reached skill level 6 in Earth Magic
   499 | D:4      | Reached XP level 4. HP: 27/30 MP: 5/7
   499 | D:4      | Reached XP level 5. HP: 32/35 MP: 5/8
   503 | D:4      | Reached skill level 1 in Fighting
   606 | D:5      | Entered Level 5 of the Dungeon
   683 | D:4      | You fall through a shaft!
   683 | D:5      | Noticed Blork the orc
   683 | D:5      | Noticed an ogre
   689 | D:5      | Killed an ogre
   689 | D:5      | Reached skill level 1 in Armour
   689 | D:5      | Reached XP level 6. HP: 19/47 MP: 5/9
   879 | D:5      | Killed Blork the orc
   905 | D:5      | Noticed Grinder
   973 | D:5      | Found a glowing golden altar of the Shining One.
   979 | D:5      | Became a worshipper of the Shining One
   998 | D:5      | You fall through a shaft for 3 floors!
  1001 | D:8      | Reached XP level 7. HP: 52/54 MP: 6/10
  1362 | D:9      | Found a large runed door.
  1362 | D:9      | Found a large runed door.
  1529 | D:9      | Noticed a two-headed ogre
  1545 | D:9      | HP: 2/55 [two-headed ogre/giant club (24)]
  1549 | D:9      | Slain by a two-headed ogre

Vault maps used:
D:1:      dpeg_cavernosity
D:2:      kennysheep_cross_bottleneck, kennysheep_decorative_pillar,
          minmay_tetromino_s4
D:3:      kiku_gazebo_garden_becter, evilmike_ruin_ashenzari,
          corexii_item_surrounded_by_moat, kennysheep_generic_room_13, uniq_ijyb
D:4:      grunt_gozag_statues, first_bread, uniq_eustachio
D:5:      old_standard_altar, st_stairs_5, uniq_blork_the_orc, uniq_grinder
D:8:      kennysheep_little_box, old_standard_altar, serial_shops, shop
D:9:      overflow_temple_1_default, minmay_hollow_rounded_squares, uniq_pikel,
          uniq_grum

Skill      XL: |  1  2  3  4  5  6  7 |
---------------+----------------------+-----
Earth Magic    | 4 6 |  6.6
Fighting       | 3 4 |  4.9
Armour         | 1 2 3 |  3.7
Dodging        | |  1.7
Stealth        | |  2.4
Spellcasting   | |  2.1
Transmutations | |  1.1

Action                   |  1- 3 |  4- 6 |  7- 9 || total
-------------------------+-------+-------+-------++-------
Melee: Halberd           |    15 |    28 |    58 ||   101
 Cast: Sandblast         |    10 |    15 |    14 ||    39
 Abil: Shaft Self        |     2 |     2 |       ||     4
  Use: Scroll            |       |       |     1 ||     1
       Potion            |       |       |     1 ||     1
  Eat: Chunk             |       |     2 |     2 ||     4
Armor: Robe              |     2 |       |       ||     2
       Ring mail         |     5 |    24 |    19 ||    48
Dodge: Dodged            |    13 |    35 |    47 ||    95
